 Dungeon Crawl Stone Soup version 0.25.0-65-g31bcc41 (webtiles) character file.

227992 Dorkslayer the Victor of a Thousand Battles (level 19, 0/150 HPs)
             Began as a Demonspawn Fighter on Nov 1, 2020.
             Was the Champion of Okawaru.
             Slain by an Executioner (1 damage)
             ... summoned by a deep elf demonologist
             ... in the Elven Halls.
             The game lasted 00:36:53 (6342 turns).

Dorkslayer the Victor of a Thousand Battles (DsFi)  Turns: 6342, Time: 00:36:54

Health: 0/150      AC: 37    Str: 26    XL:     19   Next: 6%
Magic:  0/39       EV: 12    Int: 13    God:    Okawaru [******]
Gold:   248        SH: 32    Dex: 15    Spells: 19/19 levels left

rFire    . . .     SeeInvis +   x - +1 double sword (freeze)
rCold    + + .     Gourm    .   A - +1 large shield of Gestures {rN+ Int+4}
rNeg     + . .     Faith    .   H - +15 plate armour "Kuasm" {rC+ SInv}
rPois    .         Spirit   +   q - +0 helmet
rElec    .         Reflect  +   h - +2 cloak
rCorr    .         Harm     .   (no gloves)
MR       +....                  (boots unavailable)
Stlth    ..........             u - +4 amulet of reflection
HPRegen  0.35/turn              K - +3 ring of strength
MPRegen  0.52/turn              s - ring of magical power

@: heroism, finesse, very slightly contaminated
A: hooves 3, large bone plates 1, cold resistance 1, powered by death 2, magic
shield, magic regeneration, freezing cloud immunity
a: Heroism, Finesse, Renounce Religion


You were in the Elven Halls.
You worshipped Okawaru.
Okawaru was exalted by your worship.
You were not hungry.

You visited 4 branches of the dungeon, and saw 6 of its levels.
You visited 1 bazaar.

You collected 1645 gold pieces.
You spent 1397 gold pieces at shops.

Inventory:

Hand Weapons
 a - a +1 long sword
 x - a +1 double sword of freezing (weapon)
 E - a +0 hand axe of flaming
Missiles
 j - 6 needles of sleeping
 l - 7 needles of confusion
 n - 24 poisoned needles
 y - 5 silver javelins
 B - 19 tomahawks
 C - 4 poisoned tomahawks (quivered)
 M - 5 silver tomahawks
 N - 6 tomahawks of dispersal
Armour
 h - a +2 cloak (worn)
 q - a +0 helmet (worn)
 A - the +1 large shield of Gestures (worn) {rN+ Int+4}
   (Okawaru gifted it to you in the Orcish Mines)

   It affects your intelligence (+4).
   It protects you from negative energy.
 H - the +15 plate armour "Kuasm" (worn) {rC+ SInv}
   (You bought it in a shop in the Orcish Mines)

   It protects you from cold.
   It lets you see invisible.
Jewellery
 s - a ring of magical power (right hand)
 u - a +4 amulet of reflection (around neck)
 K - a +3 ring of strength (left hand)
 P - an uncursed ring of ice
Wands
 i - a wand of paralysis (15)
 w - a wand of flame (24)
 I - a wand of enslavement (10)
 Q - a wand of digging (5)
Scrolls
 e - 6 scrolls of remove curse
 g - a scroll of blinking
 k - 5 scrolls of amnesia
 p - 4 scrolls of teleportation
 r - a scroll of magic mapping
 G - a scroll of fog
 L - a scroll of immolation {unknown}
 O - a scroll of enchant weapon
 T - a scroll of identify
Potions
 b - 4 potions of brilliance
 m - 2 potions of cancellation
 o - a potion of mutation
 t - 3 potions of lignification
 v - a potion of flight
 F - a potion of invisibility
 R - a potion of agility
Miscellaneous
 z - a phial of floods
Comestibles
 c - 4 chunks of flesh
 f - 20 rations


   Skills:
 * Level 13.6(18.6) Fighting
 * Level 14.4(19.4) Long Blades
 + Level 0.8(5.8) Axes
 * Level 6.3(11.3) Throwing
 * Level 11.3(16.3) Armour
 + Level 3.8(8.8) Dodging
 + Level 5.9(10.9) Stealth
 * Level 13.3(18.3) Shields
 + Level 0.5(5.5) Unarmed Combat
 + Level 0.8 Spellcasting
 * Level 14.8 Invocations
 * Level 11.9 Evocations


You had 19 spell levels left.
You didn't know any spells.
Your spell library contained the following spells:

 Spells                   Type           Power        Failure   Level  Hunger
 Magic Dart               Conj           #...         99%         1    ##.....
 Blink                    Tloc           N/A          100%        2    ###....
 Call Imp                 Summ           #.......     100%        2    ###....
 Slow                     Hex            #.......     100%        2    ###....
 Conjure Flame            Conj/Fire      #.......     100%        3    ####...
 Mephitic Cloud           Conj/Pois/Air  #.......     100%        3    ####...


Dungeon Overview and Level Annotations

Branches:
Dungeon (3/3)              Temple (1/1) D:1           Swamp (0/1) D:2
 Spider (0/1) D:3           Slime (0/1) D:3             Orc (1/1) D:2
    Elf (1/1) Orc          Vaults (0/1) D:2          Depths (0/1) D:3

Altars:
Cheibriados
Dithmenos
Elyvilon
Fedhas
Gozag
Makhleb
Nemelex Xobeh
Okawaru
Qazlal
Ru
Sif Muna
Vehumet
Wu Jian
Xom
Yredelemnul
The Shining One

Shops:
Orc [**}

Annotations:
D:3 exclusion: 3 oklob plants


Innate Abilities, Weirdness & Mutations

You have hooves in place of feet.
You are partially covered in large bone plates. (SH +4)
Your flesh is cold resistant. (rC+)
You regenerate health from kills.
When hurt, damage is shared between your health and your magic reserves.
You regenerate magic rapidly.
You are immune to freezing clouds.


Message History

You are no longer corroded.
You block the Executioner's attack.
The Executioner hits you but does no damage.
The Executioner barely misses you. You block the hellwing's attack.
The hellwing barely misses you.
The deep elf demonologist mumbles some strange words.
The Executioner hits you but does no damage.
You block the Executioner's attack.
The Executioner hits you but does no damage.
You block the deep elf sorcerer's attack.
Unknown command.
Blink to where?
Press: ? - help, Dir - move target cursor You are very lightly contaminated with residual magic.
As you read the scroll of blinking, it crumbles to dust.
The Executioner gestures at you. Pain shoots through your body!
* * * LOW HITPOINT WARNING * * *
You block the Executioner's attack. x2; The Executioner hits you.
You die...

.)................
≈≈≈≈≈≈≈≈≈≈≈≈≈≈≈≈≈≈
≈≈≈≈≈≈≈≈≈≈≈≈≈≈≈≈≈≈
#################################
.................................
.................................
#'###'########'###'###'#########'
....'..........'.....#.....))....
....#..........#@....'...^.#...[.
....#..........#.1...#.....#.....
##################.##############
#e# ###.### ##...1.##
###...(...### #....(.4e...#
#...(.ee....#


You could see an Executioner and a deep elf sorcerer.

Vanquished Creatures
  Frances (Elf)
  A deep elf sorcerer (Elf)
  A deep elf elementalist (Elf)
  A very ugly thing (D:3)
  A deep elf demonologist (Elf)
  2 fire dragons (D:3)
  A hydra (D:3)
  A yaktaur captain (D:3)
  A deep elf high priest (Elf)
  A great orb of eyes (D:3)
  A vault guard (D:2)
  2 centaur warriors
  7 dancing weapons (Elf)
  A death knight (D:2)
  An orc high priest (Orc)
  3 deep elf knights (Elf)
  3 unseen horrors
  3 deep elf archers (Elf)
  A flayed ghost (D:3)
  A wizard (D:3)
  An orange crystal statue (Elf)
  4 orc knights
  3 ugly things
  15 deep elf magi (Elf)
  2 orc sorcerers (Orc)
  2 gargoyles (D:3)
  A centaur skeleton (D:2)
  A yaktaur (D:3)
  2 trolls
  A wolf spider simulacrum (D:3)
  3 redbacks (D:3)
  3 shadows
  Sigmund (D:3)
  2 fire elementals (Elf)
  2 water elementals (Elf)
  26 orc warriors
  3 ogres
  10 centaurs
  A bullfrog (D:2)
  A scorpion (D:1)
  A killer bee (D:2)
  2 electric eels (Elf)
  A wight (D:2)
  A bullfrog zombie (D:2)
  2 hounds
  An orc priest (D:2)
  A jelly (D:1)
  2 orc wizards (D:1)
  A worker ant (D:1)
  2 adders
  22 orcs
  A giant cockroach zombie (D:1)
155 creatures vanquished.

Vanquished Creatures (others)
  A deep elf knight (Elf)
  A deep elf archer (Elf)
  An orc (Orc)
3 creatures vanquished.

Grand Total: 158 creatures vanquished

Notes
Turn   | Place    | Note
-------+----------+-------------------------------------------
     0 | D:1      | Dorkslayer the Demonspawn Fighter began the quest for the
                  | Orb.
     0 | D:1      | Reached XP level 1. HP: 18/18 MP: 1/1
    50 | D:1      | Gained mutation: You are partially covered in large bone
                  | plates. (SH +4) [demonic ancestry]
    50 | D:1      | Reached XP level 2. HP: 17/24 MP: 2/2
   257 | D:1      | Found a sparkling altar of Nemelex Xobeh.
   295 | D:1      | Noticed a scorpion
   307 | D:1      | Killed a scorpion
   307 | D:1      | Gained mutation: When hurt, damage is shared between your
                  | health and your magic reserves. [demonic ancestry]
   307 | D:1      | Reached XP level 3. HP: 25/30 MP: 3/3
   307 | D:1      | Reached XP level 4. HP: 31/37 MP: 4/4
   307 | D:1      | Gained mutation: You regenerate magic rapidly. [demonic
                  | ancestry]
   307 | D:1      | Reached XP level 5. HP: 35/42 MP: 5/5
   346 | D:1      | Gained mutation: You have large cloven feet. [demonic
                  | ancestry]
   346 | D:1      | Reached XP level 6. HP: 47/48 MP: 6/6
   394 | D:1      | Reached XP level 7. HP: 49/55 MP: 7/7
   588 | D:1      | Reached skill level 5 in Fighting
   588 | D:1      | Reached skill level 5 in Armour
   588 | D:1      | Reached skill level 1 in Dodging
   588 | D:1      | Gained mutation: You have hoof-like feet. [demonic
                  | ancestry]
   588 | D:1      | Reached XP level 8. HP: 44/62 MP: 8/8
   597 | D:1      | Reached skill level 1 in Stealth
   597 | D:1      | Reached skill level 5 in Shields
   653 | D:1      | Reached skill level 5 in Long Blades
   795 | D:1      | Found a staircase to the Ecumenical Temple.
   804 | Temple   | Entered the Ecumenical Temple
   816 | Temple   | Became a worshipper of Warmaster Okawaru
   864 | D:1      | Found a shimmering altar of Xom.
   864 | D:1      | Found a basalt altar of Yredelemnul.
   870 | D:1      | Found a radiant altar of Vehumet.
   872 | D:1      | Found a stormy altar of Qazlal.
   873 | D:1      | Found a white marble altar of Elyvilon.
  1053 | D:2      | Found a staircase to the Swamp.
  1059 | D:2      | Noticed a death knight
  1079 | D:2      | Noticed a troll
  1088 | D:2      | Killed a troll
  1088 | D:2      | Reached * piety under Okawaru
  1088 | D:2      | Reached ** piety under Okawaru
  1088 | D:2      | Gained mutation: You regenerate a little health from kills.
                  | [demonic ancestry]
  1088 | D:2      | Reached XP level 9. HP: 60/71 MP: 11/11
  1089 | D:2      | Reached skill level 1 in Throwing
  1089 | D:2      | Gained mutation: Your flesh is cold resistant. (rC+)
                  | [demonic ancestry]
  1089 | D:2      | Reached XP level 10. HP: 58/79 MP: 13/13
  1090 | D:2      | Killed a death knight
  1090 | D:2      | Reached *** piety under Okawaru
  1090 | D:2      | Reached **** piety under Okawaru
  1171 | D:2      | Gained mutation: You regenerate health from kills. [demonic
                  | ancestry]
  1171 | D:2      | Reached XP level 11. HP: 78/86 MP: 15/15
  1199 | D:2      | Noticed a red ugly thing
  1209 | D:2      | Killed a red ugly thing
  1209 | D:2      | Received a gift from Okawaru
  1209 | D:2      | Reached ***** piety under Okawaru
  1209 | D:2      | Reached skill level 5 in Evocations
  1227 | D:2      | Noticed a vault guard
  1255 | D:2      | Killed a vault guard
  1255 | D:2      | Received a gift from Okawaru
  1276 | D:2      | Found a gate to the Vaults.
  1489 | D:2      | Found a staircase to the Orcish Mines.
  1636 | D:2      | Killed an unseen horror
  1636 | D:2      | Gained mutation: You have hooves in place of feet. [demonic
                  | ancestry]
  1636 | D:2      | Reached XP level 12. HP: 62/95 MP: 18/18
  1683 | D:2      | Noticed a five-headed hydra
  1739 | Orc      | Entered the Orcish Mines
  1739 | Orc      | Found a staircase to the Elven Halls.
  1751 | Orc      | Paralysed by an orc sorcerer for 3 turns
  1943 | Orc      | Noticed a centaur warrior
  2216 | Orc      | Killed a centaur warrior
  2216 | Orc      | Received a gift from Okawaru
  2216 | Orc      | Reached ****** piety under Okawaru
  2216 | Orc      | Reached skill level 10 in Fighting
  2350 | D:3      | Entered Level 3 of the Dungeon
  2371 | D:3      | Noticed a great orb of eyes
  2382 | D:3      | Paralysed by a great orb of eyes for 6 turns
  2392 | D:3      | Killed a great orb of eyes
  2392 | D:3      | Reached skill level 10 in Long Blades
  2392 | D:3      | Reached skill level 10 in Invocations
  2392 | D:3      | Reached XP level 13. HP: 14/103 MP: 5/20
  2487 | D:3      | Received a gift from Okawaru
  2776 | D:3      | Found a shadowy altar of Dithmenos.
  2793 | D:3      | Received a gift from Okawaru
  3087 | D:3      | Found a staircase to the Depths.
  3087 | D:3      | Noticed Sigmund
  3114 | D:3      | Received a gift from Okawaru
  3114 | D:3      | Received a gift from Okawaru
  3119 | D:3      | Killed Sigmund
  3150 | D:3      | Reached XP level 14. HP: 71/113 MP: 22/22
  3265 | D:3      | Found a staircase to the Slime Pits.
  3517 | D:3      | Noticed a brown very ugly thing
  3529 | D:3      | Killed a brown very ugly thing
  3529 | D:3      | Received a gift from Okawaru
  3599 | D:3      | Reached skill level 5 in Stealth
  3675 | D:3      | Reached XP level 15. HP: 84/120 MP: 24/24
  3699 | D:3      | Found a hole to the Spider Nest.
  3913 | D:3      | Reached skill level 10 in Evocations
  4149 | Orc      | Got a heavily runed large shield {god gift}
  4170 | D:2      | Identified the +1 large shield of Gestures {rN+ Int+4}
                  | (Okawaru gifted it to you in the Orcish Mines)
  4208 | D:2      | Received a gift from Okawaru
  4208 | D:2      | Reached skill level 10 in Shields
  4488 | D:2      | Received a gift from Okawaru
  4488 | D:2      | Reached skill level 10 in Armour
  4788 | Orc      | Found Atuuv's Assorted Antiques.
  4788 | Orc      | Found Viconn's General Store.
  4790 | Orc      | Found Quireakh's Antique Armour Shop.
  4792 | Orc      | Found Jakatak's Gadget Shoppe.
  4801 | Orc      | Bought a scroll of identify for 28 gold pieces
  4801 | Orc      | Bought a potion of invisibility for 112 gold pieces
  4801 | Orc      | Bought a scroll of fog for 28 gold pieces
  4805 | Orc      | Bought a dazzling plate armour for 560 gold pieces
  4815 | Orc      | Identified the +15 plate armour "Kuasm" {rC+ SInv} (You
                  | bought it in a shop in the Orcish Mines)
  4819 | Orc      | Bought a potion of mutation for 112 gold pieces
  4820 | Orc      | Bought a potion of heal wounds for 120 gold pieces
  4997 | Elf      | Entered the Elven Halls
  5006 | Elf      | Received a gift from Okawaru
  5038 | Elf      | Gained mutation: You are immune to freezing clouds.
                  | [demonic ancestry]
  5038 | Elf      | Reached XP level 16. HP: 129/129 MP: 26/26
  5316 | Elf      | Received a gift from Okawaru
  5370 | Elf      | Got a pitted quick blade {god gift}
  5371 | Elf      | Identified the +1 quick blade of the Evening {pierce,
                  | *Drain rC++ MR+} (Okawaru gifted it to you in the Elven
                  | Halls)
  5657 | Elf      | Found a gateway to a bazaar.
  5668 | Bazaar   | Entered a bazaar
  5668 | Bazaar   | Found Ymeydiewk's Jewellery Shop.
  5672 | Bazaar   | Found Ivi Gimp's Jewellery Shoppe.
  5681 | Bazaar   | Found Egynaw's Gadget Emporium.
  5721 | Bazaar   | Found Maerehog's Weapon Shop.
  5767 | Bazaar   | Bought a +4 amulet of reflection for 189 gold pieces
  5783 | Bazaar   | Bought a +3 ring of strength for 172 gold pieces
  5795 | Bazaar   | Bought a wand of flame (15) for 76 gold pieces
  5864 | Elf      | Received a gift from Okawaru
  5867 | Elf      | Got a translucent crystal plate armour {god gift}
  5889 | Elf      | Identified the +4 crystal plate armour of Experimentation
                  | {rN++ Int+3} (Okawaru gifted it to you in the Elven Halls)
  5910 | Elf      | Noticed Frances
  5920 | Elf      | Killed Frances
  5935 | Elf      | Reached skill level 5 in Throwing
  5946 | Elf      | Reached XP level 17. HP: 105/136 MP: 21/27
  5978 | Elf      | Received a gift from Okawaru
  5985 | Elf      | Received a gift from Okawaru
  5986 | Elf      | Received a gift from Okawaru
  6070 | Elf      | Received a gift from Okawaru
  6071 | Elf      | Got a distressingly furry scale mail {god gift}
  6320 | Elf      | Reached XP level 18. HP: 101/144 MP: 23/29
  6322 | Elf      | Received a gift from Okawaru
  6336 | Elf      | HP: 6/144 [acid (13)]
  6338 | Elf      | Reached XP level 19. HP: 18/150 MP: 2/30
  6342 | Elf      | HP: 1/150 [Executioner/nerve-wracking pain[a deep elf
                  | demonologist] (4)]
  6342 | Elf      | Slain by an Executioner

Skill      XL: |  1  2  3  4  5  6  7  8  9 10 11 12 13 14 15 16 17 |
---------------+----------------------------------------------------+-----
Fighting       | 4 5 6 7 8 9 10 11 12 13 | 13.6
Long Blades    | 2 3 4 6 7 8 9 10 11 12 13 14 | 14.4
Armour         | 4 5 6 7 8 9 10 11 | 11.3
Shields        | 3 4 5 6 7 8 9 11 12 13 | 13.3
Dodging        | 1 2 3 |  3.8
Stealth        | 2 3 4 5 |  5.9
Invocations    | 3 4 6 8 10 11 12 13 14 | 14.8
Evocations     | 2 3 4 6 7 8 9 10 11 | 11.9
Throwing       | 1 2 3 5 6 |  6.3
Axes           | |  0.8
Unarmed Combat | |  0.5
Spellcasting   | |  0.8

Action                   |  1- 3 |  4- 6 |  7- 9 | 10-12 | 13-15 | 16-18 | 19-21 || total
-------------------------+-------+-------+-------+-------+-------+-------+-------++-------
Melee: Long sword        |    18 |    14 |    44 |   133 |   123 |       |       ||   332
       Kick              |       |     2 |    14 |    59 |   141 |    56 |       ||   272
       Double sword      |       |       |       |       |   224 |   181 |       ||   405
Throw: Throwing net      |       |       |     3 |       |       |       |       ||     3
       Tomahawk          |       |       |       |    13 |     8 |       |       ||    21
Invok: Heroism           |       |       |       |     2 |     5 |     4 |       ||    11
       Finesse           |       |       |       |     1 |     3 |     4 |       ||     8
Evoke: Wand              |       |       |     4 |    10 |    10 |     5 |       ||    29
       Phial of floods   |       |       |       |       |       |     1 |       ||     1
  Use: Scroll            |     1 |     3 |     1 |    12 |     3 |     3 |     1 ||    24
       Potion            |       |       |     3 |     1 |     3 |     8 |     1 ||    16
 Stab: Held in net/web   |       |       |     1 |       |       |       |       ||     1
       Paralysed         |       |       |       |     2 |    11 |       |       ||    13
  Eat: Ration            |       |       |     1 |       |     2 |       |       ||     3
       Chunk             |       |       |       |     1 |     3 |     4 |       ||     8
Armor: Scale mail        |     8 |     6 |    12 |       |       |       |       ||    26
       Plate armour      |       |       |     4 |    16 |    13 |    55 |     6 ||    94
       Chain mail        |       |       |       |    87 |    37 |       |       ||   124
       Crystal plate arm |       |       |       |       |   134 |       |       ||   134
Dodge: Dodged            |     5 |     6 |    10 |    32 |    35 |    22 |     3 ||   113
Block: Shield            |     6 |     8 |    27 |   101 |   116 |       |       ||   258
       Large shield      |       |       |       |       |   272 |   156 |     6 ||   434
       Reflection        |       |       |       |       |       |    13 |       ||    13
       Rpst.: Long sword |     3 |     2 |     3 |     4 |     2 |       |       ||    14
       Double sword      |       |       |       |       |     1 |     3 |       ||     4
